 Dungeon Crawl Stone Soup version 0.32-a0-612-g1c984fe9d1 (webtiles) character file.

Game seed: 15539623465809277282

5 jestert79 the Charlatan (level 1, 0/9 HPs)
             Began as a Spriggan Artificer on Mar 5, 2024.
             Frozen to death by an endoplasm (3 damage)
             ... on level 1 of the Dungeon.
             The game lasted 00:01:07 (346 turns).

jestert79 the Charlatan (Spriggan Artificer)         Turns: 346, Time: 00:01:08

Health: 0/9        AC:  2    Str:  8    XL:     1   Next: 66%
Magic:  2/2        EV: 17    Int: 12    God:
Gold:   23         SH:  0    Dex: 15    Spells: 0/0 levels left

rFire   . . .        h - +0 short sword
rCold   . . .        (no shield)
rNeg    . . .        b - +0 robe
rPois   .            (helmet restricted)
rElec   .            (no cloak)
rCorr   .            (gloves unavailable)
SInv    +            (boots unavailable)
Will    .....        (no amulet)
Stlth   ++           (no ring)
HPRegen 0.21/turn    (no ring)
MPRegen 0.08/turn

%: no passive effects
@: very quick
A: very small, no large weapons, unfitting armour, see invisible, speed 3
a: no special abilities


You were on level 1 of the Dungeon.
You visited 1 branch of the dungeon, and saw 1 of its levels.

You collected 23 gold pieces.

Inventory:

Hand Weapons
 h - a +0 short sword (weapon)
Armour
 b - a +0 robe (worn)
Jewellery
 j - a ring of protection from fire
Wands
 c - a wand of flame (14) (quivered)
 d - a wand of charming (15)
 e - a wand of iceblast (5)
Scrolls
 f - a scroll of fog {unknown}
 i - a scroll of brand weapon {unknown}
Potions
 a - a potion of curing {unknown}
 g - a potion of mutation {unknown}


   Skills:
 - Level 0.7 Fighting
 * Level 1.1 Short Blades
 - Level 3.2 Dodging
 + Level 2.0 Stealth
 - Level 4.0 Evocations


You couldn't memorise any spells.
You didn't know any spells.
Your spell library was empty.

Dungeon Overview and Level Annotations

Branches:
Dungeon (1/15)

Altars:


Innate Abilities, Weirdness & Mutations

You are very small and have problems with some larger weapons.
You are too small for most types of armour.
You have supernaturally acute eyesight. (SInv)
You cover ground extremely quickly. (Speed+++)


Message History

A frilled lizard is nearby!
You hit the frilled lizard.
You kill the frilled lizard!
No target in view!
No target in view!
No target in view!
A quokka comes into view.
You see here a frilled lizard corpse.
A quokka is nearby!
A quokka is nearby!
A quokka is nearby!
A quokka is nearby!
An endoplasm comes into view.
Found a stone staircase leading down.
The helpless quokka fails to defend itself.
You hit the quokka.
The quokka is heavily wounded.
The endoplasm quivers.
The quokka bites you but does no damage.
You miss the quokka.
The quokka is heavily wounded.
The quokka closely misses you.
You closely miss the quokka.
The quokka is heavily wounded.
The quokka bites you.
The endoplasm hits you but does no damage.
You hit the quokka but do no damage.
The quokka is moderately wounded.
The quokka closely misses you. The endoplasm barely misses you.
The quokka bites you but does no damage.
You hit the quokka but do no damage.
The quokka is moderately wounded.
The quokka bites you. The endoplasm hits you.
You are too injured to fight recklessly!
You miss the quokka.
The quokka is moderately wounded.
The quokka misses you. The endoplasm freezes you.
You are frozen.
You die...

#. ...#
####.#########.#########
........#...............
........†.####.#########
###.##.### #.# # ##.##
#.# #.#...#####.#
#...........#
###J@.#######
.......r......>
..#####..#####. ##.# .#
.# .# ##.## .# .....
##.##


You could see an endoplasm and a quokka.

Vanquished Creatures
  A goblin (D:1)
  A quokka (D:1)
  4 frilled lizards (D:1)
6 creatures vanquished.

Notes
Turn   | Place    | Note
-------+----------+-------------------------------------------
     0 | D:1      | jestert79 the Spriggan Artificer began the quest for the
                  | Orb.
     0 | D:1      | Reached XP level 1. HP: 9/9 MP: 2/2
   153 | D:1      | Reached skill level 1 in Short Blades
   346 | D:1      | Frozen to death by an endoplasm

Illustrated notes

Levels and vault maps discovered:
D:1:      psy_arrival_spokes, layout_loops_ring, minmay_misc_feat_iff

Skill      XL: |  1 |
---------------+----+-----
Stealth        | 2 |  2.0
Short Blades   | 1 |  1.1
Fighting       | |  0.7
Dodging        | |  3.2
Evocations     | |  4.0

Action                     || total
---------------------------++-------
  Melee: Short sword       ||    16
         Club              ||     6
  Evoke: Wand              ||     1
   Stab: Sleeping          ||     1
 Armour: Robe              ||     8
  Dodge: Dodged            ||    17

Table legend: (Time is in decaauts)
 A = Elapsed time spent in this place.
 B = Non-inter-level travel time spent in this place.
 C = Inter-level travel time spent in this place.
 D = Time resting spent in this place.
 E = Time spent auto-exploring this place.
 F = Levels seen in this place.
 G = Mean time per level.
                   A        B        C        D        E       F      G
               +--------+--------+--------+--------+--------+-----+--------+
         Total |    225 |    225 |      0 |      0 |    131 |   1 |  225.0 |
       Dungeon |    225 |    225 |      0 |      0 |    131 |   1 |  225.0 |
               +--------+--------+--------+--------+--------+-----+--------+

Top non-repeatable levels by time:
     D:1: 225 daAuts
